2046 views
Uploaded 2025-04-25 23:55:48
Game version 1.36 (6115)
61:59 long 2on2 ladder game on (4)PhantomGrove_S2_v2.0
Saved by Cabeelibob
2046 views
Uploaded 2025-04-25 23:55:48
Game version 1.36 (6115)
61:59 long 2on2 ladder game on (4)PhantomGrove_S2_v2.0


221 units @ 24.9k
/ 3.6k
125 buildings @ 21.9k
/ 12.4k



| Orb of Venom | 2 | 650 |
| Lesser Clarity Potion | 2 | 140 |
| Scroll of Healing | 4 | 1000 |
| Scroll of Town Portal | 2 | 700 |
| Boots of Speed | 3 | 750 |
| Potion of Lesser Invulnerability | 4 | 600 |
| Staff of Teleportation | 2 | 300 |
| total: | 19 | 4140g |
| Wisp | 68 | 4080 | / | 0 |
| Archer | 5 | 650 | / | 50 |
| Dryad | 2 | 290 | / | 120 |
| Druid of the Claw | 2 | 510 | / | 160 |
| Chimaera | 10 | 3300 | / | 700 |
| Hippogryph | 7 | 1120 | / | 140 |
| total: | 94 | 9950g | / | 1170w |
| Ancient Protector | 40 | 5400 | / | 3200 |
| Altar of Elders | 1 | 180 | / | 50 |
| Moon Well | 8 | 1440 | / | 320 |
| Ancient of War | 1 | 150 | / | 60 |
| Ancient of Wonders | 1 | 90 | / | 30 |
| Hunter's Hall | 1 | 210 | / | 100 |
| Tree of Life | 12 | 4080 | / | 2220 |
| Ancient of Lore | 4 | 620 | / | 580 |
| Ancient of Wind | 5 | 750 | / | 700 |
| Chimaera Roost | 2 | 280 | / | 380 |
| Tree of Ages | 4 | 1280 | / | 720 |
| Tree of Eternity | 2 | 660 | / | 400 |
| total: | 75 | 13200g | / | 7640w |
| 0:02 | Wisp |
| 0:02 | Wisp |
| 0:02 | Wisp |
| 0:06 | Altar of Elders |
| 0:17 | Moon Well |
| 0:41 | Ancient of War |
| 0:45 | Wisp |
| 0:45 | Wisp |
| 1:15 | Wisp |
| 1:15 | Wisp |
| 1:28 | Wisp |
| 1:31 | Moon Well |
| 1:37 | Wisp |
| 1:42 | Archer |
| 1:53 | Wisp |
| 2:01 | Ancient of Wonders |
| 2:15 | Mana Burn |
| 2:23 | Wisp |
| 2:23 | Wisp |
| 2:55 | Evasion |
| 2:58 | Moon Well |
| 3:00 | Wisp |
| 3:00 | Wisp |
| 3:01 | Wisp |
| 3:12 | Archer |
| 3:29 | Tree of Ages |
| 3:37 | Archer |
| 4:00 | Archer |
| 4:12 | Hunter's Hall |
| 4:31 | Archer |
| 4:42 | Moon Well |
| 5:11 | Tree of Life |
| 5:26 | Mana Burn |
| 5:50 | Improved Bows |
| 6:05 | Breath of Fire |
| 6:31 | Ancient of Lore |
| 6:32 | Ancient of Lore |
| 6:47 | Boots of Speed |
| 7:19 | Wisp |
| 7:19 | Wisp |
| 7:19 | Wisp |
| 7:19 | Wisp |
| 7:20 | Wisp |
| 8:14 | Tree of Eternity |
| 8:49 | Nature's Blessing |
| 8:53 | Ancient Protector |
| 8:58 | Ancient of Wind |
| 8:59 | Ancient of Wind |
| 9:32 | Dryad |
| 10:51 | Dryad |
| 10:55 | Chimaera Roost |
| 10:55 | Chimaera Roost |
| 11:00 | Wisp |
| 11:00 | Wisp |
| 11:00 | Wisp |
| 11:01 | Wisp |
| 11:01 | Wisp |
| 12:00 | Druid of the Claw Adept Training |
| 12:06 | Wisp |
| 12:06 | Wisp |
| 12:07 | Wisp |
| 12:07 | Wisp |
| 12:07 | Wisp |
| 12:41 | Drunken Haze |
| 12:44 | Boots of Speed |
| 12:45 | Potion of Lesser Invulnerability |
| 12:46 | Scroll of Healing |
| 12:52 | Corrosive Breath |
| 12:59 | Moon Well |
| 12:59 | Moon Well |
| 13:10 | Druid of the Claw Master Training |
| 13:24 | Orb of Venom |
| 13:29 | Lesser Clarity Potion |
| 13:36 | Strength of the Wild |
| 13:37 | Reinforced Hides |
| 13:41 | Tree of Life |
| 14:34 | Evasion |
| 14:41 | Mark of the Claw |
| 14:43 | Druid of the Claw |
| 14:50 | Chimaera |
| 14:55 | Trueshot Aura |
| 15:03 | Lesser Clarity Potion |
| 15:11 | Chimaera |
| 15:42 | Improved Strength of the Wild |
| 15:47 | Wisp |
| 15:47 | Wisp |
| 15:47 | Wisp |
| 15:47 | Wisp |
| 15:47 | Wisp |
| 16:35 | Druid of the Claw |
| 16:46 | Breath of Fire |
| 16:58 | Moon Well |
| 16:59 | Moon Well |
| 17:38 | Tree of Ages |
| 19:03 | Tree of Life |
| 20:03 | Tree of Ages |
| 21:52 | Tree of Life |
| 22:27 | Staff of Teleportation |
| 24:19 | Ancient Protector |
| 24:20 | Ancient Protector |
| 28:23 | Drunken Haze |
| 28:33 | Ancient Protector |
| 29:35 | Orb of Venom |
| 29:54 | Tree of Life |
| 30:07 | Ancient Protector |
| 30:12 | Ancient Protector |
| 30:14 | Ancient Protector |
| 30:16 | Ancient Protector |
| 31:05 | Ancient Protector |
| 31:06 | Wisp |
| 31:06 | Wisp |
| 31:06 | Wisp |
| 31:55 | Ancient Protector |
| 32:24 | Ancient Protector |
| 32:24 | Ancient Protector |
| 32:25 | Ancient Protector |
| 32:37 | Ancient Protector |
| 34:50 | Wisp |
| 34:51 | Wisp |
| 34:51 | Wisp |
| 34:51 | Wisp |
| 34:51 | Wisp |
| 36:05 | Tree of Life |
| 36:08 | Ancient Protector |
| 36:08 | Ancient Protector |
| 36:09 | Ancient Protector |
| 36:24 | Chimaera |
| 36:33 | Chimaera |
| 37:48 | Tree of Life |
| 37:52 | Ancient Protector |
| 37:53 | Ancient Protector |
| 38:27 | Mana Burn |
| 40:23 | Boots of Speed |
| 41:00 | Wisp |
| 41:00 | Wisp |
| 41:00 | Wisp |
| 41:00 | Wisp |
| 41:47 | Wisp |
| 41:47 | Wisp |
| 41:50 | Tree of Ages |
| 42:09 | Wisp |
| 42:10 | Wisp |
| 42:13 | Ancient Protector |
| 42:24 | Ancient Protector |
| 42:28 | Ancient Protector |
| 42:30 | Wisp |
| 42:30 | Wisp |
| 42:30 | Wisp |
| 43:12 | Potion of Lesser Invulnerability |
| 43:12 | Scroll of Healing |
| 44:44 | Wisp |
| 45:05 | Ancient Protector |
| 45:06 | Ancient Protector |
| 45:06 | Ancient Protector |
| 45:17 | Ancient Protector |
| 45:18 | Wisp |
| 45:18 | Wisp |
| 45:18 | Wisp |
| 45:19 | Wisp |
| 45:25 | Ancient Protector |
| 45:29 | Ancient Protector |
| 46:00 | Wisp |
| 46:04 | Tree of Life |
| 46:07 | Ancient Protector |
| 46:07 | Ancient Protector |
| 46:56 | Searing Arrows |
| 47:34 | Tree of Life |
| 47:44 | Ancient Protector |
| 47:44 | Ancient Protector |
| 48:42 | Wisp |
| 48:43 | Wisp |
| 48:43 | Wisp |
| 48:43 | Wisp |
| 48:47 | Tree of Eternity |
| 48:55 | Ancient Protector |
| 48:56 | Ancient Protector |
| 48:56 | Ancient Protector |
| 48:57 | Ancient Protector |
| 49:07 | Wisp |
| 49:16 | Potion of Lesser Invulnerability |
| 49:19 | Scroll of Town Portal |
| 49:21 | Scroll of Healing |
| 49:24 | Staff of Teleportation |
| 49:39 | Ancient of Wind |
| 50:10 | Wisp |
| 50:19 | Wisp |
| 50:20 | Wisp |
| 50:37 | Chimaera |
| 50:40 | Improved Reinforced Hides |
| 52:09 | Ancient of Lore |
| 52:10 | Ancient of Lore |
| 52:32 | Tree of Life |
| 53:20 | Tree of Life |
| 53:24 | Chimaera |
| 53:26 | Advanced Strength of the Wild |
| 54:22 | Hippogryph |
| 54:23 | Hippogryph |
| 54:23 | Hippogryph |
| 54:33 | Chimaera |
| 54:53 | Advanced Reinforced Hides |
| 55:00 | Ancient of Wind |
| 55:01 | Ancient of Wind |
| 55:08 | Scroll of Town Portal |
| 55:13 | Potion of Lesser Invulnerability |
| 55:14 | Scroll of Healing |
| 56:48 | Hippogryph |
| 56:50 | Ultravision |
| 56:51 | Well Spring |
| 57:49 | Chimaera |
| 57:51 | Hippogryph |
| 57:51 | Hippogryph |
| 59:55 | Chimaera |
| 59:56 | Chimaera |
| 59:57 | Hippogryph |
| 60:20 | Tree of Life |
| 60:23 | Ancient Protector |
| 60:24 | Ancient Protector |
| 60:24 | Ancient Protector |
| 60:25 | Ancient Protector |
| 60:45 | Breath of Fire |
| Misc. action | 1568 |
| Select group | 1480 |
| Select | 976 |
| Right click | 627 |
| Use ability | 232 |
| Build/train/purchase | 221 |
| Chat | 38 |
| Assign group | 34 |
| Minimap ping | 32 |
| Resource trade | 21 |
| Item give/drop | 5 |
| Esc | 5 |
| Remove unit | 2 |



| Potion of Healing | 1 | 150 |
| Scroll of Healing | 3 | 750 |
| Scroll of Town Portal | 2 | 700 |
| Scroll of Protection | 1 | 150 |
| Potion of Lesser Invulnerability | 3 | 450 |
| total: | 10 | 2200g |
| Wisp | 52 | 3120 | / | 0 |
| Archer | 32 | 4160 | / | 320 |
| Huntress | 2 | 390 | / | 40 |
| Hippogryph | 8 | 1280 | / | 160 |
| Dryad | 19 | 2755 | / | 1140 |
| Chimaera | 4 | 1320 | / | 280 |
| Druid of the Claw | 4 | 1020 | / | 320 |
| Faerie Dragon | 6 | 930 | / | 150 |
| total: | 127 | 14975g | / | 2410w |
| Ancient Protector | 26 | 3510 | / | 2080 |
| Altar of Elders | 1 | 180 | / | 50 |
| Moon Well | 8 | 1440 | / | 320 |
| Ancient of War | 1 | 150 | / | 60 |
| Ancient of Wonders | 1 | 90 | / | 30 |
| Hunter's Hall | 1 | 210 | / | 100 |
| Tree of Life | 7 | 2380 | / | 1295 |
| Ancient of Lore | 2 | 310 | / | 290 |
| Ancient of Wind | 1 | 150 | / | 140 |
| Chimaera Roost | 2 | 280 | / | 380 |
| Tree of Ages | 2 | 640 | / | 360 |
| Tree of Eternity | 2 | 660 | / | 400 |
| total: | 50 | 8700g | / | 4745w |
| 0:01 | Wisp |
| 0:01 | Wisp |
| 0:08 | Altar of Elders |
| 0:10 | Moon Well |
| 0:15 | Wisp |
| 0:28 | Wisp |
| 0:41 | Wisp |
| 0:54 | Wisp |
| 1:01 | Ancient of War |
| 1:12 | Wisp |
| 1:24 | Wisp |
| 1:27 | Moon Well |
| 1:42 | Wisp |
| 1:52 | Wisp |
| 1:56 | Ancient of Wonders |
| 2:07 | Archer |
| 2:20 | Summon Lava Spawn |
| 2:23 | Archer |
| 2:33 | Wisp |
| 2:33 | Wisp |
| 2:45 | Hunter's Hall |
| 2:52 | Archer |
| 2:52 | Archer |
| 3:11 | Archer |
| 3:12 | Archer |
| 3:34 | Archer |
| 3:41 | Archer |
| 4:07 | Archer |
| 4:15 | Tree of Life |
| 4:27 | Soul Burn |
| 4:36 | Moon Well |
| 4:56 | Ancient Protector |
| 5:00 | Ancient Protector |
| 5:04 | Archer |
| 5:39 | Summon Lava Spawn |
| 5:46 | Moon Well |
| 5:56 | Tree of Ages |
| 6:11 | Huntress |
| 6:26 | Wisp |
| 6:27 | Wisp |
| 6:27 | Wisp |
| 6:27 | Wisp |
| 6:32 | Wisp |
| 6:32 | Wisp |
| 7:01 | Huntress |
| 7:26 | Wisp |
| 7:38 | Wisp |
| 7:38 | Wisp |
| 7:38 | Wisp |
| 8:09 | Wisp |
| 8:09 | Wisp |
| 8:24 | Wisp |
| 8:24 | Wisp |
| 8:25 | Tree of Eternity |
| 8:28 | Ancient of Lore |
| 8:30 | Ancient of Wind |
| 8:37 | Ancient of Lore |
| 9:09 | Ancient Protector |
| 9:10 | Ancient Protector |
| 9:20 | Nature's Blessing |
| 9:27 | Wisp |
| 9:27 | Wisp |
| 9:29 | Moon Well |
| 9:29 | Moon Well |
| 10:50 | Wisp |
| 10:50 | Wisp |
| 10:50 | Wisp |
| 10:50 | Wisp |
| 10:54 | Chimaera Roost |
| 10:55 | Chimaera Roost |
| 11:04 | Hippogryph |
| 11:04 | Hippogryph |
| 11:05 | Wisp |
| 11:05 | Wisp |
| 11:12 | Strength of the Wild |
| 11:12 | Reinforced Hides |
| 11:13 | Well Spring |
| 11:15 | Wisp |
| 11:15 | Wisp |
| 11:15 | Wisp |
| 11:44 | Abolish Magic |
| 11:44 | Dryad |
| 12:01 | Soul Burn |
| 12:07 | Dryad |
| 12:07 | Dryad |
| 12:29 | Chimaera |
| 13:08 | Dryad |
| 13:08 | Dryad |
| 13:26 | Breath of Fire |
| 13:31 | Ancient Protector |
| 13:35 | Ancient Protector |
| 13:40 | Hippogryph |
| 13:40 | Hippogryph |
| 13:40 | Hippogryph |
| 13:52 | Corrosive Breath |
| 14:05 | Improved Reinforced Hides |
| 14:05 | Improved Strength of the Wild |
| 14:28 | Hippogryph |
| 14:28 | Hippogryph |
| 14:28 | Hippogryph |
| 14:35 | Moon Well |
| 14:35 | Moon Well |
| 14:39 | Drunken Brawler |
| 15:19 | Ultravision |
| 15:38 | Healing Spray |
| 16:24 | Scroll of Protection |
| 16:24 | Scroll of Healing |
| 16:31 | Advanced Reinforced Hides |
| 16:38 | Ancient Protector |
| 16:40 | Ancient Protector |
| 16:40 | Ancient Protector |
| 17:36 | Dryad |
| 17:36 | Dryad |
| 17:43 | Ancient Protector |
| 17:51 | Ancient Protector |
| 18:08 | Ancient Protector |
| 19:21 | Tree of Life |
| 19:44 | Wisp |
| 19:44 | Wisp |
| 19:44 | Wisp |
| 19:44 | Wisp |
| 20:14 | Ancient Protector |
| 20:37 | Tree of Life |
| 20:45 | Archer |
| 20:45 | Archer |
| 20:45 | Archer |
| 20:46 | Archer |
| 23:29 | Breath of Fire |
| 23:36 | Archer |
| 23:36 | Archer |
| 24:29 | Dryad |
| 24:29 | Dryad |
| 25:33 | Dryad |
| 25:34 | Dryad |
| 25:34 | Dryad |
| 25:45 | Advanced Strength of the Wild |
| 26:20 | Dryad |
| 26:20 | Dryad |
| 26:34 | Dryad |
| 26:35 | Dryad |
| 27:01 | Scroll of Town Portal |
| 27:03 | Potion of Healing |
| 27:15 | Druid of the Claw Adept Training |
| 27:15 | Druid of the Claw |
| 27:44 | Tree of Life |
| 28:57 | Chemical Rage |
| 31:04 | Ancient Protector |
| 31:05 | Ancient Protector |
| 31:05 | Ancient Protector |
| 31:07 | Ancient Protector |
| 31:16 | Ancient Protector |
| 31:17 | Ancient Protector |
| 31:50 | Wisp |
| 31:50 | Wisp |
| 31:56 | Wisp |
| 31:56 | Wisp |
| 31:56 | Wisp |
| 32:24 | Summon Lava Spawn |
| 32:32 | Ancient Protector |
| 32:33 | Ancient Protector |
| 32:37 | Ancient Protector |
| 32:39 | Ancient Protector |
| 33:29 | Ancient Protector |
| 34:07 | Druid of the Claw Master Training |
| 34:08 | Druid of the Claw |
| 35:10 | Druid of the Claw |
| 35:10 | Druid of the Claw |
| 36:16 | Chimaera |
| 36:50 | Chimaera |
| 37:08 | Tree of Life |
| 38:20 | Dryad |
| 38:21 | Dryad |
| 38:21 | Dryad |
| 42:02 | Wisp |
| 42:02 | Wisp |
| 42:03 | Wisp |
| 42:30 | Chimaera |
| 42:34 | Faerie Dragon |
| 42:34 | Faerie Dragon |
| 42:43 | Faerie Dragon |
| 42:43 | Faerie Dragon |
| 43:31 | Faerie Dragon |
| 43:31 | Faerie Dragon |
| 43:46 | Potion of Lesser Invulnerability |
| 43:57 | Tree of Life |
| 44:44 | Archer |
| 44:44 | Archer |
| 44:44 | Archer |
| 44:44 | Archer |
| 45:23 | Scroll of Healing |
| 45:42 | Archer |
| 45:42 | Archer |
| 45:43 | Archer |
| 46:08 | Healing Spray |
| 46:19 | Potion of Lesser Invulnerability |
| 46:29 | Scroll of Town Portal |
| 46:30 | Scroll of Healing |
| 48:02 | Archer |
| 48:02 | Archer |
| 48:17 | Wisp |
| 48:29 | Potion of Lesser Invulnerability |
| 48:47 | Improved Bows |
| 48:47 | Marksmanship |
| 48:48 | Strength of the Moon |
| 49:04 | Ancient Protector |
| 49:04 | Ancient Protector |
| 49:08 | Wisp |
| 49:08 | Wisp |
| 49:18 | Archer |
| 49:18 | Archer |
| 49:57 | Archer |
| 49:58 | Archer |
| 50:20 | Archer |
| 50:20 | Archer |
| 50:20 | Archer |
| 50:26 | Improved Strength of the Moon |
| 50:27 | Moon Armor |
| 52:00 | Tree of Life |
| Select group | 5111 |
| Right click | 2439 |
| Select | 2200 |
| Misc. action | 638 |
| Build/train/purchase | 319 |
| Use ability | 115 |
| Assign group | 97 |
| Resource trade | 32 |
| Minimap ping | 28 |
| Esc | 24 |
| Chat | 4 |
| Item give/drop | 3 |
96 units @ 8.9k
/ 1.4k
112 buildings @ 8.7k
/ 4.7k


| Scroll of Regeneration | 2 | 200 |
| Lesser Clarity Potion | 7 | 490 |
| Staff of Sanctuary | 1 | 250 |
| Orb of Fire | 2 | 650 |
| Boots of Speed | 4 | 1000 |
| total: | 16 | 2590g |
| Peasant | 29 | 2175 | / | 0 |
| Footman | 3 | 405 | / | 0 |
| Mortar Team | 3 | 540 | / | 210 |
| Flying Machine | 37 | 3700 | / | 1110 |
| Spell Breaker | 2 | 430 | / | 60 |
| total: | 74 | 7250g | / | 1380w |
| Scout Tower | 38 | 1140 | / | 760 |
| Arcane Tower | 6 | 420 | / | 300 |
| Guard Tower | 16 | 1120 | / | 800 |
| Altar of Kings | 1 | 180 | / | 50 |
| Barracks | 1 | 160 | / | 60 |
| Farm | 10 | 800 | / | 200 |
| Lumber Mill | 1 | 120 | / | 0 |
| Town Hall | 6 | 2310 | / | 1230 |
| Blacksmith | 1 | 140 | / | 60 |
| Arcane Vault | 1 | 130 | / | 30 |
| Workshop | 4 | 560 | / | 560 |
| Gryphon Aviary | 1 | 140 | / | 150 |
| Arcane Sanctum | 2 | 300 | / | 280 |
| Keep | 1 | 320 | / | 210 |
| Castle | 1 | 360 | / | 210 |
| total: | 66 | 5980g | / | 3380w |
| 0:01 | Peasant |
| 0:04 | Altar of Kings |
| 0:07 | Peasant |
| 0:18 | Barracks |
| 0:19 | Peasant |
| 0:32 | Farm |
| 0:34 | Peasant |
| 0:50 | Farm |
| 0:51 | Peasant |
| 1:04 | Peasant |
| 1:11 | Peasant |
| 1:19 | Footman |
| 1:25 | Peasant |
| 1:33 | Farm |
| 1:42 | Footman |
| 1:46 | Peasant |
| 1:50 | Scout Tower |
| 2:00 | Peasant |
| 2:05 | Storm Bolt |
| 2:11 | Lumber Mill |
| 2:21 | Arcane Tower |
| 2:32 | Footman |
| 2:40 | Peasant |
| 2:57 | Scout Tower |
| 2:58 | Scout Tower |
| 3:00 | Peasant |
| 3:02 | Peasant |
| 3:39 | Bash |
| 3:43 | Town Hall |
| 3:52 | Scout Tower |
| 3:55 | Scout Tower |
| 3:57 | Scout Tower |
| 3:58 | Scout Tower |
| 4:01 | Scout Tower |
| 4:03 | Guard Tower |
| 4:04 | Peasant |
| 4:04 | Peasant |
| 4:08 | Improved Lumber Harvesting |
| 4:19 | Arcane Tower |
| 4:41 | Bash |
| 4:44 | Peasant |
| 4:46 | Scout Tower |
| 4:47 | Scout Tower |
| 4:49 | Peasant |
| 4:56 | Guard Tower |
| 5:17 | Guard Tower |
| 5:20 | Guard Tower |
| 5:29 | Keep |
| 6:16 | Scout Tower |
| 6:20 | Blacksmith |
| 6:22 | Scout Tower |
| 6:22 | Scout Tower |
| 6:23 | Scout Tower |
| 6:25 | Scout Tower |
| 6:30 | Improved Masonry |
| 6:31 | Peasant |
| 6:31 | Peasant |
| 6:48 | Guard Tower |
| 6:49 | Scout Tower |
| 6:55 | Guard Tower |
| 7:20 | Guard Tower |
| 7:22 | Scout Tower |
| 7:28 | Guard Tower |
| 8:08 | Storm Bolt |
| 8:18 | Storm Bolt |
| 8:21 | Guard Tower |
| 8:23 | Castle |
| 8:26 | Arcane Vault |
| 8:28 | Workshop |
| 8:29 | Black Gunpowder |
| 8:30 | Workshop |
| 8:45 | Guard Tower |
| 8:58 | Workshop |
| 9:02 | Workshop |
| 9:30 | Scroll of Regeneration |
| 9:33 | Lesser Clarity Potion |
| 9:47 | Flak Cannons |
| 9:49 | Refined Gunpowder |
| 9:50 | Farm |
| 9:50 | Farm |
| 10:52 | Flying Machine Bombs |
| 10:52 | Fragmentation Shards |
| 10:52 | Flare |
| 10:53 | Mortar Team |
| 11:08 | Farm |
| 11:15 | Advanced Lumber Harvesting |
| 11:16 | Advanced Masonry |
| 11:24 | Scroll of Regeneration |
| 11:33 | Farm |
| 11:34 | Farm |
| 11:43 | Imbued Gunpowder |
| 11:44 | Studded Leather Armor |
| 12:19 | Holy Light |
| 12:25 | Flying Machine |
| 12:26 | Flying Machine |
| 13:17 | Flying Machine |
| 13:19 | Flying Machine |
| 13:20 | Farm |
| 13:22 | Farm |
| 13:48 | Flying Machine |
| 14:00 | Flying Machine |
| 14:00 | Flying Machine |
| 14:00 | Flying Machine |
| 14:00 | Flying Machine |
| 14:00 | Flying Machine |
| 14:01 | Flying Machine |
| 14:01 | Flying Machine |
| 14:01 | Flying Machine |
| 14:24 | Reinforced Leather Armor |
| 14:26 | Flying Machine |
| 14:58 | Boots of Speed |
| 14:58 | Boots of Speed |
| 15:14 | Flying Machine |
| 15:50 | Gryphon Aviary |
| 15:54 | Flying Machine |
| 15:55 | Dragonhide Armor |
| 16:00 | Iron Plating |
| 16:05 | Town Hall |
| 16:45 | Imbued Masonry |
| 16:51 | Boots of Speed |
| 16:59 | Boots of Speed |
| 17:15 | Peasant |
| 17:17 | Scout Tower |
| 17:18 | Scout Tower |
| 17:18 | Scout Tower |
| 17:19 | Scout Tower |
| 17:19 | Scout Tower |
| 17:21 | Scout Tower |
| 17:25 | Flying Machine |
| 17:26 | Flying Machine |
| 17:35 | Cloud |
| 17:51 | Guard Tower |
| 18:15 | Guard Tower |
| 19:07 | Divine Shield |
| 19:47 | Flying Machine |
| 19:47 | Flying Machine |
| 19:52 | Bash |
| 19:53 | Divine Shield |
| 20:05 | Town Hall |
| 21:57 | Holy Light |
| 21:58 | Holy Light |
| 22:13 | Bash |
| 23:05 | Town Hall |
| 24:44 | Flying Machine |
| 24:44 | Flying Machine |
| 26:12 | Peasant |
| 26:12 | Peasant |
| 26:12 | Peasant |
| 26:12 | Peasant |
| 26:13 | Peasant |
| 27:56 | Mortar Team |
| 27:58 | Mortar Team |
| 28:12 | Steel Plating |
| 28:35 | Storm Bolt |
| 28:36 | Storm Bolt |
| 28:43 | Lesser Clarity Potion |
| 28:43 | Lesser Clarity Potion |
| 29:16 | Flying Machine |
| 29:16 | Flying Machine |
| 30:41 | Scout Tower |
| 30:43 | Scout Tower |
| 30:44 | Scout Tower |
| 30:45 | Scout Tower |
| 30:47 | Scout Tower |
| 31:16 | Guard Tower |
| 31:17 | Scout Tower |
| 31:18 | Scout Tower |
| 31:20 | Scout Tower |
| 31:21 | Scout Tower |
| 31:22 | Arcane Tower |
| 31:34 | Divine Shield |
| 31:36 | Divine Shield |
| 31:43 | Town Hall |
| 31:46 | Guard Tower |
| 31:47 | Arcane Tower |
| 31:48 | Arcane Tower |
| 31:50 | Arcane Tower |
| 32:12 | Scout Tower |
| 32:13 | Scout Tower |
| 32:47 | Guard Tower |
| 36:26 | Holy Light |
| 36:28 | Avatar |
| 37:22 | Mithril Plating |
| 37:52 | Lesser Clarity Potion |
| 37:52 | Staff of Sanctuary |
| 38:01 | Lesser Clarity Potion |
| 38:01 | Orb of Fire |
| 38:52 | Holy Light |
| 41:45 | Avatar |
| 41:59 | Flying Machine |
| 42:00 | Flying Machine |
| 42:00 | Flying Machine |
| 42:04 | Orb of Fire |
| 42:18 | Lesser Clarity Potion |
| 42:18 | Lesser Clarity Potion |
| 46:50 | Resurrection |
| 48:51 | Peasant |
| 48:51 | Peasant |
| 48:52 | Peasant |
| 48:59 | Iron Forged Swords |
| 49:15 | Arcane Sanctum |
| 49:25 | Arcane Sanctum |
| 49:37 | Flying Machine |
| 49:37 | Flying Machine |
| 49:38 | Flying Machine |
| 49:41 | Flying Machine |
| 49:56 | Flying Machine |
| 49:56 | Flying Machine |
| 49:57 | Flying Machine |
| 50:39 | Spell Breaker |
| 50:40 | Spell Breaker |
| 51:59 | Bash |
| 53:58 | Divine Shield |
| 55:59 | Bash |
| 57:44 | Divine Shield |
| 58:50 | Town Hall |
| 58:51 | Scout Tower |
| 58:54 | Scout Tower |
| 59:33 | Flying Machine |
| 59:33 | Flying Machine |
| 60:19 | Flying Machine |
| 60:21 | Guard Tower |
| 60:22 | Scout Tower |
| 61:05 | Resurrection |
| 61:16 | Scout Tower |
| 61:25 | Peasant |
| 61:29 | Thunder Clap |
| Right click | 3903 |
| Select group | 1828 |
| Select | 717 |
| Build/train/purchase | 198 |
| Use ability | 197 |
| Misc. action | 182 |
| Assign group | 23 |
| Minimap ping | 23 |
| Item give/drop | 19 |
| Esc | 9 |
| Resource trade | 9 |
| Remove unit | 2 |
Cabeelibob
(194)
(61:51) : 

| Scroll of Town Portal | 1 | 350 |
| total: | 1 | 350g |
| Peasant | 22 | 1650 | / | 0 |
| total: | 22 | 1650g | / | 0w |
| Scout Tower | 36 | 1080 | / | 720 |
| Arcane Tower | 6 | 420 | / | 300 |
| Guard Tower | 23 | 1610 | / | 1150 |
| Altar of Kings | 1 | 180 | / | 50 |
| Farm | 4 | 320 | / | 80 |
| Lumber Mill | 2 | 240 | / | 0 |
| Arcane Vault | 1 | 130 | / | 30 |
| Town Hall | 2 | 770 | / | 410 |
| Keep | 1 | 320 | / | 210 |
| Castle | 1 | 360 | / | 210 |
| total: | 46 | 2720g | / | 1290w |
| 0:05 | Altar of Kings |
| 0:11 | Farm |
| 0:12 | Peasant |
| 0:32 | Peasant |
| 0:32 | Peasant |
| 0:42 | Peasant |
| 1:01 | Scout Tower |
| 1:02 | Peasant |
| 1:13 | Farm |
| 1:15 | Farm |
| 1:18 | Peasant |
| 1:26 | Lumber Mill |
| 1:30 | Arcane Tower |
| 1:32 | Peasant |
| 1:32 | Peasant |
| 1:45 | Peasant |
| 1:52 | Farm |
| 2:08 | Storm Bolt |
| 2:22 | Peasant |
| 2:28 | Scout Tower |
| 2:30 | Peasant |
| 2:33 | Improved Masonry |
| 2:34 | Improved Lumber Harvesting |
| 2:42 | Scout Tower |
| 2:48 | Peasant |
| 2:50 | Peasant |
| 2:58 | Guard Tower |
| 3:01 | Peasant |
| 3:06 | Peasant |
| 3:12 | Peasant |
| 3:14 | Guard Tower |
| 3:29 | Peasant |
| 3:57 | Peasant |
| 4:13 | Scout Tower |
| 4:16 | Scout Tower |
| 4:19 | Scout Tower |
| 4:40 | Guard Tower |
| 4:44 | Arcane Tower |
| 4:47 | Arcane Tower |
| 4:47 | Arcane Tower |
| 4:50 | Scout Tower |
| 4:53 | Scout Tower |
| 4:53 | Scout Tower |
| 4:54 | Scout Tower |
| 5:05 | Keep |
| 5:10 | Scout Tower |
| 5:11 | Scout Tower |
| 5:24 | Arcane Tower |
| 5:26 | Arcane Tower |
| 5:28 | Guard Tower |
| 5:33 | Scout Tower |
| 5:37 | Scout Tower |
| 5:38 | Scout Tower |
| 5:40 | Scout Tower |
| 5:50 | Guard Tower |
| 6:01 | Guard Tower |
| 6:04 | Guard Tower |
| 6:13 | Scout Tower |
| 6:16 | Scout Tower |
| 6:18 | Scout Tower |
| 6:22 | Scout Tower |
| 6:31 | Guard Tower |
| 6:34 | Guard Tower |
| 6:40 | Scout Tower |
| 6:43 | Scout Tower |
| 6:45 | Scout Tower |
| 6:50 | Guard Tower |
| 6:53 | Scout Tower |
| 7:06 | Scout Tower |
| 7:06 | Scout Tower |
| 7:16 | Guard Tower |
| 7:22 | Guard Tower |
| 7:32 | Advanced Masonry |
| 8:12 | Peasant |
| 8:12 | Peasant |
| 8:12 | Peasant |
| 8:12 | Peasant |
| 8:24 | Guard Tower |
| 8:28 | Scout Tower |
| 8:29 | Scout Tower |
| 8:33 | Holy Light |
| 8:52 | Arcane Vault |
| 9:14 | Castle |
| 10:04 | Scroll of Town Portal |
| 11:00 | Guard Tower |
| 11:01 | Guard Tower |
| 11:09 | Scout Tower |
| 11:13 | Scout Tower |
| 11:16 | Scout Tower |
| 11:17 | Guard Tower |
| 11:25 | Lumber Mill |
| 11:42 | Imbued Masonry |
| 11:55 | Guard Tower |
| 12:29 | Scout Tower |
| 12:36 | Guard Tower |
| 12:38 | Guard Tower |
| 13:02 | Guard Tower |
| 13:09 | Scout Tower |
| 13:13 | Scout Tower |
| 13:13 | Scout Tower |
| 13:22 | Scout Tower |
| 13:51 | Guard Tower |
| 14:38 | Guard Tower |
| 14:45 | Guard Tower |
| 20:58 | Town Hall |
| 41:28 | Town Hall |
| Right click | 2537 |
| Select group | 2159 |
| Select | 444 |
| Build/train/purchase | 96 |
| Resource trade | 71 |
| Misc. action | 50 |
| Assign group | 39 |
| Chat | 9 |
| Use ability | 4 |
| Esc | 4 |
| Minimap ping | 2 |
| Remove unit | 1 |
⇛